 Dungeon Crawl Stone Soup version 0.32-a0-913-g739538afd8 (webtiles) character file.

Game seed: 18049084578776142721

319 Fractals the Trooper (level 6, -4/57 HPs)
             Began as a Draconian Wanderer on Apr 8, 2024.
             Splashed by a jelly's acid (5 damage)
             ... on level 3 of the Dungeon.
             The game lasted 00:07:54 (2528 turns).

Fractals the Trooper (Draconian Wanderer)           Turns: 2528, Time: 00:07:54

Health: -4/57      AC: -5    Str: 15    XL:     6   Next: 21%
Magic:  7/8        EV: 10    Int: 13    God:
Gold:   135        SH:  0    Dex: 23    Spells: 5/8 levels left

rFire   . . .        a - +2 dagger
rCold   . . .        (no shield)
rNeg    . . .        (body armour unavailable)
rPois   .            (helmet restricted)
rElec   .            (no cloak)
rCorr   .            h - +0 pair of gloves
SInv    .            (no boots)
Will    .....        (no amulet)
Stlth   +++          i - +6 ring of dexterity
HPRegen 0.29/turn    o - +6 ring of dexterity
MPRegen 0.11/turn

%: no passive effects
@: corroded
A: AC +6, unfitting armour, cold-blooded
a: no special abilities


You were on level 3 of the Dungeon.
You visited 1 branch of the dungeon, and saw 3 of its levels.

You collected 135 gold pieces.

Inventory:

Hand Weapons
 a - a +2 dagger (weapon)
 j - a +2 short sword of holy wrath
Armour
 h - a +0 pair of gloves (worn)
Jewellery
 i - a +6 ring of dexterity (left hand)
 l - a ring of flight
 o - a +6 ring of dexterity (right hand)
Scrolls
 b - a scroll of revelation {unknown}
 c - 2 scrolls of fog
 f - a scroll of fear {unknown}
 g - a scroll of enchant weapon {unknown}
 m - a scroll of teleportation {unknown}
 n - a scroll of poison
 q - a scroll of brand weapon {unknown}
Potions
 d - a potion of haste
 e - a potion of curing {unknown}
 k - 2 potions of lignification {unknown}
 p - a potion of degeneration {unknown}


   Skills:
 - Level 6.2 Fighting
 - Level 4.0 Stealth
 + Level 1.6 Spellcasting
 + Level 3.3 Summonings
 - Level 1.0 Evocations


You had 5 spell levels left.
You knew the following spells:

 Your Spells              Type           Power      Damage    Failure   Level
a - Summon Small Mammal   Summ           36%        N/A       7%          1
b - Call Imp              Summ           18%        N/A       11%         2

Your spell library contained the following spells:

 Spells                   Type           Power      Damage    Failure   Level
 Sublimation of Blood     Necr           1%         N/A       36%         2
 Summon Ice Beast         Ice/Summ       5%         N/A       38%         3
 Frozen Ramparts          Ice            2%         1d1       61%         3
 Ozocubu's Armour         Ice            1%         N/A       61%         3
 Metabolic Englaciation   Hex/Ice        0%         N/A       100%        5
 Summon Hydra             Summ           4%         N/A       100%        7


Dungeon Overview and Level Annotations

Branches:
Dungeon (3/15)

Altars:

Shops:
D:2 [

Annotations:
D:2 1 runed translucent door, Crazy Yiuf


Innate Abilities, Weirdness & Mutations

Your plain brown scales are hard. (AC +6)
You cannot fit into any form of body armour.
You are cold-blooded and may be slowed by cold attacks.


Message History

The jelly hits you but does no damage.
You puncture the jelly!
Your hands burn!
The jelly is heavily wounded.
The jelly barely misses you.
You hit the jelly. The acid corrodes you!
Your hands burn!
You tail-slap the jelly, but do no damage.
The jelly is severely wounded.
The jelly hits you. The acid corrodes you!
You are splashed with acid!
You are too injured to fight recklessly!
You are too injured to fight recklessly!
You are too injured to fight recklessly!
You hit the jelly.
Your hands burn!
The jelly is severely wounded.
The jelly hits you.
You are splashed with acid!
* * * LOW HITPOINT WARNING * * *
You hit the jelly but do no damage. The acid corrodes you!
Your hands burn!
* * * LOW HITPOINT WARNING * * *
The jelly is severely wounded.
The jelly barely misses you.
Casting: Summon Small Mammal (safe; 7% risk of failure)
Confirm with . or Enter, or press ? or * to list all spells.
You don't know that spell.
Unknown command.
Casting: Summon Small Mammal (safe; 7% risk of failure)
Confirm with . or Enter, or press ? or * to list all spells.
The jelly barely misses you.
You hit the jelly but do no damage.
Your hands burn!
* * * LOW HITPOINT WARNING * * *
The jelly is severely wounded.
The jelly closely misses you.
Your rat bites the jelly.
Your rat is burned by acid!
You hit the jelly.
Your hands burn!
* * * LOW HITPOINT WARNING * * *
The jelly is almost dead.
The jelly closely misses you.
Your rat bites the jelly.
Your rat is burned by acid!
Your rat dies!
Your rat's corpse disappears in a puff of smoke!
You hit the jelly but do no damage.
Your hands burn!
You die...

#..# ######## #.# #.
###..# ### #. .....# #
######## #### #. .###.#
.##......###..# #. .#
#.### #.#.......##..# #.
.# #...#
#.#........'..###. .#
###.#
#ยง#........'...... .#
#.# #J#'#......'....##
.#####.#
#@#.#.....##.....#
.......#
#.#.#....###.....#
######.#
##.#########...... ###
### #.....#. #### ####
##....#.
#..######..########...#.
#......##..##.........#.
##.###.##..#.###.###...#
#...........# #......##


You could see a jelly.

Vanquished Creatures
  Sigmund (D:2)
  A bombardier beetle (D:3)
  An iguana (D:2)
  3 adders
  10 ball pythons
  5 bats
  8 endoplasms
  3 giant cockroaches
  3 goblins
  6 hobgoblins
  A quokka (D:1)
  3 frilled lizards (D:1)
  12 kobolds
  7 rats
64 creatures vanquished.

Vanquished Creatures (collateral kills)
  An endoplasm (D:1)
  A rat (D:3)
2 creatures vanquished.

Grand Total: 66 creatures vanquished

Notes
Turn   | Place    | Note
-------+----------+-------------------------------------------
     0 | D:1      | Fractals the Draconian Wanderer began the quest for the
                  | Orb.
     0 | D:1      | Fractals set off with the following items: a +2 dagger, a
                  | potion of berserk rage, a scroll of fog, a potion of haste;
                  | and the following spell memorised: Summon Small Mammal; and
                  | the following spells available to memorise: Summon Ice
                  | Beast.
     0 | D:1      | Reached XP level 1. HP: 16/16 MP: 2/2
   225 | D:1      | Reached XP level 2. HP: 17/24 MP: 3/3
   353 | D:1      | Reached skill level 2 in Fighting
   623 | D:1      | Reached XP level 3. HP: 25/30 MP: 4/4
   714 | D:2      | Reached skill level 3 in Fighting
   791 | D:2      | Noticed Sigmund
   988 | D:2      | Found Win Hach's Armour Shop.
  1072 | D:2      | Killed Sigmund
  1073 | D:2      | Reached skill level 5 in Fighting
  1073 | D:2      | Reached XP level 4. HP: 44/44 MP: 5/5
  1073 | D:2      | Reached XP level 5. HP: 50/50 MP: 6/6
  1179 | D:2      | Reached skill level 6 in Fighting
  1650 | D:2      | Found a runed translucent door.
  1651 | D:2      | Noticed Crazy Yiuf
  1828 | D:3      | Learned a level 2 spell: Call Imp
  1896 | D:3      | Reached XP level 6. HP: 55/57 MP: 5/7
  2527 | D:3      | HP: 1/57 [acid (5)]
  2528 | D:3      | Splashed by a jelly's acid

Illustrated notes

Levels and vault maps discovered:
D:1:      beargit_arrival_greenhouse, layout_basic, patterned_corridor
D:2:      layout_loops_ring, serial_shops, shop, kennysheep_generic_room_14,
          uniq_sigmund, uniq_crazy_yiuf_cottage
D:3:      cheibrodos_fertilizer, layout_loops_ring

Skill      XL: |  1  2  3  4  5 |
---------------+----------------+-----
Fighting       | 2 5 6 |  6.2
Stealth        | 4 |  4.0
Spellcasting   | |  1.6
Summonings     | |  3.3
Evocations     | |  1.0

Action                     |  1- 3 |  4- 6 || total
---------------------------+-------+-------++-------
  Melee: Dagger            |   108 |   116 ||   224
         Tailslap          |    11 |    17 ||    28
   Cast: Summon Small Mamm |     1 |     5 ||     6
    Use: Potion            |     2 |     2 ||     4
         Scroll            |       |     4 ||     4
   Stab: Sleeping          |    13 |     1 ||    14
 Armour: Skin              |    70 |    75 ||   145
  Dodge: Dodged            |    54 |    57 ||   111

Table legend: (Time is in decaauts)
 A = Elapsed time spent in this place.
 B = Non-inter-level travel time spent in this place.
 C = Inter-level travel time spent in this place.
 D = Time resting spent in this place.
 E = Time spent auto-exploring this place.
 F = Levels seen in this place.
 G = Mean time per level.
                   A        B        C        D        E       F      G
               +--------+--------+--------+--------+--------+-----+--------+
         Total |   2518 |   2458 |     60 |    299 |   1307 |   3 |  839.3 |
       Dungeon |   2518 |   2458 |     60 |    299 |   1307 |   3 |  839.3 |
               +--------+--------+--------+--------+--------+-----+--------+

Top non-repeatable levels by time:
     D:2: 1079 daAuts
     D:3: 756 daAuts
     D:1: 683 daAuts
